 Dungeon Crawl Stone Soup version 0.27.1-34-g3ba077fa99 (webtiles) character file.

Game seed: 2919338940920086864

73 lordive the Digger (level 4, 13/25 HPs)
             Began as a Gargoyle Earth Elementalist on Jan 19, 2022.
             Quit the game on level 1 of the Abyss.
             The game lasted 00:03:55 (3587 turns).

lordive the Digger (Gargoyle Earth Elementalist)    Turns: 3587, Time: 00:03:55

Health: 13/25      AC:  5    Str: 11    XL:     4   Next: 27%
Magic:  5/7        EV: 12    Int: 17    God:
Gold:   58         SH:  0    Dex: 10    Spells: 4/8 levels left

rFire    . . .     SeeInvis .   g - +0 club
rCold    . . .     Faith    .   (no shield)
rNeg     + . .     Spirit   .   b - +0 robe
rPois    ∞         Reflect  .   (no helmet)
rElec    +         Harm     .   (no cloak)
rCorr    +         Rampage  .   (no gloves)
Will     .....                  (no boots)
Stlth    ++........             (no amulet)
HPRegen  0.08/turn              a - ring of resist corrosion
MPRegen  0.10/turn              (no ring)

@: no status effects
A: sickness immunity, AC +3, negative energy resistance 1, electricity
resistance, torment resistance 1, petrification resistance
a: no special abilities


You were on level 1 of the Abyss.
You visited 1 branch of the dungeon, and saw 3 of its levels.
You visited the Abyss 1 time.

You collected 98 gold pieces.
You spent 40 gold pieces at shops.

Inventory:

Hand Weapons
 g - a +0 club (weapon)
Missiles
 c - 34 stones
Armour
 b - a +0 robe (worn)
Jewellery
 a - a ring of resist corrosion (left hand)
Scrolls
 e - a scroll of magic mapping {unknown}
 f - 2 scrolls of fog {unknown}
 h - a scroll of blinking {unknown}
 i - a scroll of enchant weapon {unknown}
 j - a scroll of noise {unknown}
 l - a scroll of identify
 o - 2 scrolls of teleportation {unknown}
Potions
 d - a potion of mutation
 k - a potion of lignification
 m - a potion of curing {unknown}
 n - a potion of invisibility {unknown}


   Skills:
 + Level 1.0 Fighting
 + Level 1.0 Maces & Flails
 + Level 1.8 Dodging
 + Level 2.4 Stealth
 + Level 2.6 Spellcasting
 * Level 1.4 Conjurations
 + Level 0.7 Transmutations
 * Level 4.2 Earth Magic


You had 4 spell levels left.
You knew the following spells:

 Your Spells              Type           Power      Damage    Failure   Level
a - Sandblast             Erth           32%        2d9       3%          1
b - Stone Arrow           Conj/Erth      22%        3d8       17%         3

Your spell library contained the following spells:

 Spells                   Type           Power      Damage    Failure   Level
 Passwall                 Tmut/Erth      8%         N/A       10%         2
 Petrify                  Tmut/Erth      10%        N/A       54%         4


Dungeon Overview and Level Annotations

Branches:
Dungeon (3/15)

Altars:

Shops:
D:2 ?


Innate Abilities, Weirdness & Mutations

You are immune to sickness and miasma.
Your stone body is resilient. (AC +3)
You are immune to poison.
You resist negative energy. (rN+)
You are resistant to electric shocks. (rElec)
You are resistant to unholy torment.
You are immune to petrification.


Message History

You kill the ball python!
No target in view!
No target in view!
No target in view!
No target in view!
No target in view!
No target in view!
No target in view!
No target in view!
No target in view!
No target in view!
No target in view!
No target in view!
No target in view!
No target in view!
No target in view!
An adder comes into view.
An adder is nearby!
The adder hisses angrily.
The adder closely misses you.
The blast of sand hits the adder!
You kill the adder!
Your Fighting skill increases to level 1!
Magic restored.
Found an escape hatch in the floor.
You see here an adder corpse.
Found a scroll labelled ECYUME BUDDUJI.
An orc comes into view.
It is wielding a +1 flail of distortion.
A giant cockroach comes into view.
The blast of sand hits the orc.
The orc is almost dead.
The orc hits you with a +1 flail of distortion!
Space bends around you.
The blast of sand misses the orc.
The orc hits you but does no damage.
You are cast into the Abyss!
To return, you must find a gate leading back.
Killing monsters will force the Abyss to allow you passage.
This branch contains the abyssal rune of Zot.
Found 41 gold pieces.
Are you sure you want to abandon this character and quit the game? (Confirm with "yes".)

..$ ... .. ..
... ...
#..#.####... #
..#..$.....
#.#.#.#......
..#...........#
..............#
#@# #.# ..#
##.# #.# #.#
..# ♣..


There were no monsters in sight!

Vanquished Creatures
  A hound skeleton (D:2)
  An adder (D:3)
  2 worms (D:2)
  A dart slug (D:1)
  5 ball pythons
  3 bats (D:1)
  2 endoplasms (D:2)
  A giant cockroach (D:1)
  2 goblins
  3 hobgoblins
  4 quokkas
  3 frilled lizards (D:1)
  11 kobolds
  2 rats
41 creatures vanquished.

Notes
Turn   | Place    | Note
-------+----------+-------------------------------------------
     0 | D:1      | lordive the Gargoyle Earth Elementalist began the quest for
                  | the Orb.
     0 | D:1      | Reached XP level 1. HP: 10/10 MP: 3/3
   354 | D:1      | Reached XP level 2. HP: 15/15 MP: 3/5
   558 | D:1      | Reached skill level 1 in Conjurations
   596 | D:1      | Found a faded altar of an unknown god.
   607 | D:1      | Reached skill level 4 in Earth Magic
  1191 | D:1      | Found Seqyep's Armour Emporium.
  1372 | D:1      | Reached XP level 3. HP: 16/19 MP: 6/6
  1376 | D:1      | Learned a level 3 spell: Stone Arrow
  2661 | D:2      | Reached skill level 1 in Maces & Flails
  2732 | D:2      | Found Zublidomorph's Magic Scroll Emporium.
  2743 | D:2      | Bought a scroll of identify for 20 gold pieces
  2743 | D:2      | Bought a scroll of identify for 20 gold pieces
  2869 | D:2      | Reached XP level 4. HP: 11/24 MP: 7/7
  3568 | D:3      | Reached skill level 1 in Fighting
  3586 | D:3      | Cast into level 1 of the Abyss (orc)
  3587 | Abyss:1  | Quit the game

Illustrated notes

Levels and vault maps discovered:
D:1:      shiori_arrival_elements, layout_loops_ring, serial_shops,
          nicolae_shop_trees, hellmonk_ecumenical_altar_arch_garden
D:2:      layout_loops_corners, serial_shops, nicolae_shop_stone
D:3:      layout_loops_ring, uniq_crazy_yiuf_cottage
Abyss:1:  base: D:3, bh_abyss_xom_lugonu_altar

Skill      XL: |  1  2  3  4 |
---------------+-------------+-----
Conjurations   | 1 |  1.4
Earth Magic    | 4 |  4.2
Maces & Flails | 1 |  1.0
Fighting       | 1 |  1.0
Dodging        | |  1.8
Stealth        | |  2.4
Spellcasting   | |  2.6
Transmutations | |  0.7

Action                   |  1- 3 |  4- 6 || total
-------------------------+-------+-------++-------
Melee: Club              |   105 |    34 ||   139
 Cast: Sandblast         |    24 |     3 ||    27
  Use: Scroll            |     2 |       ||     2
 Stab: Sleeping          |     2 |       ||     2
Armor: Robe              |    53 |    11 ||    64
Dodge: Dodged            |    85 |    25 ||   110
